AoeStats
← Shoggi

Lombardia

509951137Analyzed
3v3 RM · 3d ago on Sep 28, 2026· 13m 15s· 6 players
Game mode
Random Map
Map size
Normal (6 player)
Population
200
Speed
Normal
Resources
Standard
Victory
Conquest
Starting age
Dark Age
Ending age
Imperial Age
RankedLock teamsTeams togetherTeam positionsShared explorationLock speedFull tech treeHidden civsTurbo modeCheats
Victory
Defeat
🇨🇭 Saracens · Switzerland
1468
+10
🇨🇭 Persians · Switzerland
1229
+19
🇨🇭 Burgundians · Switzerland
1207
+20
🇲🇽 Vietnamese · Mexico
1366
-19
🇺🇸 Mongols · United States
1316
-17
🇿🇦 Saxons · South Africa
1229
-13
Zuff
6:25 Loom
8:57 Feudal Age
9:20 Double-Bit Axe
Sisyphedelamottas
3:37 Double-Bit Axe
10:32 Loom
12:18 Feudal Age
11:38 Gold Mining
Shoggi
6:04 Loom
8:56 Feudal Age
12:02 Fletching
luislm6621
6:54 Loom
9:55 Feudal Age
Terra.
11:13 Feudal Age
12:01 Man-at-Arms
Octosaurus
9:42 Loom
12:10 Feudal Age
Connection lost

Rejoining the realm…

Still unreachable

The connection could not be restored.

Session expired

The server has moved on; the page needs a fresh start.